 Dungeon Crawl Stone Soup version 0.27.0-1-g7a089689b8 (webtiles) character file.

Game seed: 5044643323120191338

19 Malachi the Skirmisher (level 2, 0/25 HPs)
             Began as a Palentonga Fighter on Aug 15, 2021.
             Succumbed to an adder's poison
             ... on level 2 of the Dungeon.
             The game lasted 00:00:47 (858 turns).

Malachi the Skirmisher (Palentonga Fighter)          Turns: 858, Time: 00:00:47

Health: 0/25       AC:  8    Str: 19    XL:     2   Next: 55%
Magic:  2/2        EV:  5    Int:  8    God:
Gold:   70         SH:  8    Dex:  7    Spells: 1/1 levels left

rFire    . . .     SeeInvis +   a - +0 war axe
rCold    . . .     Faith    .   c - +0 kite shield
rNeg     . . .     Spirit   .   b - +0 scale mail
rPois    .         Reflect  .   (no helmet)
rElec    .         Harm     .   (no cloak)
rCorr    .         Rampage  .   (no gloves)
Will     .....                  (no barding)
Stlth    ..........             (no amulet)
HPRegen  0.08/turn              (no ring)
MPRegen  0.08/turn              (no ring)

@: lethally poisoned (0 -> -4), flying (expiring)
A: large, rugged brown scales 3, see invisible, deformed body, roll 1, armoured
tail, stinger 1, iridescent scales 1, clumsy 1
a: Rolling Charge


You were on level 2 of the Dungeon.
You visited 1 branch of the dungeon, and saw 2 of its levels.

You collected 70 gold pieces.

Inventory:

Hand Weapons
 a - a +0 war axe (weapon)
Armour
 b - a +0 scale mail (worn)
 c - a +0 kite shield (worn)
Scrolls
 h - a scroll of fear {unknown}
Potions
 d - a potion of might


   Skills:
 + Level 3.2 Fighting
 + Level 2.1 Axes
 + Level 2.7 Armour
 + Level 2.6 Shields


You had one spell level left.
You didn't know any spells.
Your spell library was empty.

Dungeon Overview and Level Annotations

Branches:
Dungeon (2/15)

Altars:


Innate Abilities, Weirdness & Mutations

You are completely covered in rugged brown scales. (AC +3, +7% HP)
You have supernaturally acute eyesight. (SInv)
Armour fits poorly on your strangely shaped body.
You can roll at nearby foes to attack.
You have a long armoured tail.
Your tail ends in a poisonous barb.
You are partially covered in iridescent scales. (AC +2)
You are clumsy. (Dex -2)


Message History

You completely miss the adder. You block the adder's attack.
The adder bites you.
* * * LOW HITPOINT WARNING * * *
It was a potion of mutation.
You feel extremely strange.
A poisonous barb forms on the end of your tail.
You feel clumsy.
Iridescent scales grow over part of your body.
The adder bites you.
* * * LOW HITPOINT WARNING * * *
You closely miss the adder. The adder bites you.
* * * LOW HITPOINT WARNING * * *
The adder barely misses you.
You hit the adder.
Your tail-slap misses the adder.
The adder is moderately wounded.
The adder barely misses you. You block the adder's attack.
The adder bites you but does no damage.
You miss the adder.
Your tail-slap misses the adder.
The adder is moderately wounded.
The adder bites you but does no damage. The adder barely misses you.
You miss the adder.
The adder is moderately wounded.
You are starting to lose your buoyancy.
The adder bites you.
* * * LOW HITPOINT WARNING * * *
You block the adder's attack.
You miss the adder.
The adder is moderately wounded.
The adder bites you but does no damage. You block the adder's attack.
You miss the adder.
The adder is moderately wounded.
You block the adder's attack. The adder bites you but does no damage.
You closely miss the adder.
Your tail-slap misses the adder.
The adder is moderately wounded.
The adder bites you.
* * * LOW HITPOINT WARNING * * *
You are lethally poisoned!
The adder poisons you! The adder bites you but does no damage.
You closely miss the adder.
The adder is moderately wounded.
You die...

.....#.......###.#
.....#............
#....#....#..#..#.
##
##...##..###...##
.# ##..###..#..#
.# .#
##........###
.###..#
#######....##
##....>#
#.##..###..##..#.
#.###?.@SS##.....
#.# #####K...###.
..# #####........
#.# #......#####.
### #..$.†.#
#......#
...........#
..#........#
##.......#


You could see an adder, a ball python and a kobold.

Vanquished Creatures
  A worm (D:2)
  A dart slug (D:1)
  2 ball pythons (D:1)
  2 bats (D:1)
  An endoplasm (D:1)
  2 goblins (D:1)
  A hobgoblin (D:1)
  2 frilled lizards (D:2)
  A kobold (D:1)
  A rat (D:2)
14 creatures vanquished.

Notes
Turn   | Place    | Note
-------+----------+-------------------------------------------
     0 | D:1      | Malachi the Palentonga Fighter began the quest for the Orb.
     0 | D:1      | Reached XP level 1. HP: 19/19 MP: 1/1
   271 | D:1      | Reached XP level 2. HP: 25/25 MP: 2/2
   850 | D:2      | Gained mutation: Your tail ends in a poisonous barb.
                  | [potion of mutation]
   850 | D:2      | Gained mutation: You are clumsy. (Dex -2) [potion of
                  | mutation]
   850 | D:2      | Gained mutation: You are partially covered in iridescent
                  | scales. (AC +2) [potion of mutation]
   858 | D:2      | Succumbed to an adder's poison

Illustrated notes

Levels and vault maps discovered:
D:1:      grunt_arrival_crossed_arrows, layout_basic
D:2:      minmay_inner_zag, layout_rooms, hellmonk_ecumenical_altar_run_dry,
          minmay_strange_pillars, minmay_misc_feat_hallway, grunt_ministairs_13

Action                   || total
-------------------------++-------
Melee: War axe           ||    56
       Tailslap          ||     3
  Use: Potion            ||     3
Armor: Scale mail        ||    34
Dodge: Dodged            ||    15
Block: Kite shield       ||    31
